 Dungeon Crawl Stone Soup version 0.21.0-3-g78d12a8 (webtiles) character file.

85 komo4ek the Chiller (level 4, -3/22 HPs)
             Began as a Vine Stalker Ice Elementalist on Jan 10, 2018.
             Slain by kegs's ghost (7 damage)
             ... on level 3 of the Dungeon.
             The game lasted 00:06:30 (2383 turns).

komo4ek the Chiller (Vine Stalker Ice Elementalist) Turns: 2383, Time: 00:06:31

Health: -3/22      AC:  7    Str: 10    XL:     4   Next: 48%
Magic:  0/9        EV:  4    Int: 16    God:
Gold:   46         SH: 10    Dex: 15    Spells: 7/8 levels left

rFire    . . .     SeeInvis .   d - +0 spear
rCold    . . .     Gourm    .   j - +0 large shield
rNeg     . . .     Faith    .   k - +0 scale mail
rPois    .         Spirit   +   q - +0 helmet
rElec    .         Reflect  .   (no cloak)
rCorr    .         Harm     .   (no gloves)
MR       .....                  (no boots)
Stlth    +.........             (no amulet)
HPRegen  0.47/turn              (no ring)
MPRegen  0.11/turn              (no ring)

@: no status effects
A: fangs 2, regeneration 1, magic shield, antimagic bite, no potion heal 3, rot
immunity
a: no special abilities


You were on level 3 of the Dungeon.
You were not hungry.

You visited 1 branch of the dungeon, and saw 3 of its levels.

You collected 46 gold pieces.

Inventory:

Hand Weapons
 d - a +0 spear (weapon)
Armour
 a - a +0 robe
 j - a +0 large shield (worn)
 k - a +0 scale mail (worn)
 q - a +0 helmet (worn)
Scrolls
 i - a scroll of amnesia {unknown}
 m - a scroll of fog
 n - a scroll of remove curse
 p - a scroll of enchant armour {unknown}
 r - a scroll of identify
Potions
 e - a potion of ambrosia {unknown}
 f - a potion of lignification {unknown}
 g - a potion of mutation {unknown}
 h - a potion of brilliance {unknown}
 l - a potion of curing {unknown}
 o - a potion of degeneration {unknown}
Books
 b - a book of Frost

   Spells                             Type                      Level
   a - Freeze                         Ice                          1
   b - Throw Frost                    Conjuration/Ice              2
   c - Ozocubu's Armour               Charms/Ice                   3
   d - Throw Icicle                   Conjuration/Ice              4
   e - Summon Ice Beast               Ice/Summoning                4
Comestibles
 c - 6 rations


   Skills:
 + Level 1.3 Fighting
 + Level 2.2 Dodging
 - Level 2.4 Stealth
 + Level 2.8 Spellcasting
   Level 1.0 Conjurations
 * Level 3.9 Ice Magic


You had 7 spell levels left.
You knew the following spells:

 Your Spells              Type           Power        Failure   Level  Hunger
a - Freeze                Ice            ###.         100%        1    #......


Dungeon Overview and Level Annotations

Branches:
Dungeon (3/15)

Altars:

Annotations:
D:3 kegs's ghost, amateur HOFi


Innate Abilities, Weirdness & Mutations

You have extremely sharp teeth.
Your natural rate of healing is unusually fast.
When hurt, damage is shared between your health and your magic reserves.
Your bite disrupts and absorbs the magic of your enemies.
Potions cannot restore your health.
You are immune to rotting.


Message History

Moving in this stuff is going to be slow.
You block kegs's ghost's attack.
The frilled lizard bites you but does no damage.
Press: ? - help, v - describe, . - travel Some shallow water.
Kegs's ghost hits you but does no damage.
Kegs's ghost whispers, "It is all a dream - a grotesque and foolish dream."
You barely miss the frilled lizard. You block the frilled lizard's attack.
You hit the frilled lizard.
You kill the frilled lizard!
Your shield and scale mail prevent you from hitting kegs's ghost.
Your bite misses kegs's ghost. Kegs's ghost hits you!
Your shield and scale mail prevent you from hitting kegs's ghost.
You bite kegs's ghost, but do no damage.
Kegs's ghost hits you!
* * * LOW HITPOINT WARNING * * *
You hit kegs's ghost.
Kegs's ghost is lightly damaged.
Kegs's ghost barely misses you. Kegs's ghost hits you!
You die...

# #.....# . #.
#.....# #. #.....#
#. #.#.### #.###.
#.#.# #..>.. #.#.#
######. #.#K#
........ #.#W#
######## #.#@#
....... #.#.#
####### #.#.# #.#
#.# #.# ##### #.#
#....
#.############.###
#.........)....#


You could see kegs's ghost and a kobold.

Vanquished Creatures
  A worker ant zombie (D:3)
  3 worms (D:2)
  3 dart slugs
  A ball python (D:2)
  A giant cockroach (D:2)
  10 goblins
  7 hobgoblins
  4 jackals (D:1)
  2 quokkas (D:2)
  5 bats
  9 frilled lizards
  5 kobolds
  A quokka skeleton (D:3)
  7 rats
59 creatures vanquished.

Notes
Turn   | Place    | Note
-------+----------+-------------------------------------------
     0 | D:1      | komo4ek the Vine Stalker Ice Elementalist began the quest for the Orb.
     0 | D:1      | Reached XP level 1. HP: 9/9 MP: 4/4
   155 | D:1      | Reached XP level 2. HP: 14/14 MP: 6/6
   471 | D:1      | Reached XP level 3. HP: 17/17 MP: 7/7
   796 | D:1      | Reached skill level 1 in Fighting
  1785 | D:2      | Gained mutation: Your natural rate of healing is unusually fast. [Vine Stalker growth]
  1785 | D:2      | Reached XP level 4. HP: 21/22 MP: 9/9
  2354 | D:3      | Noticed kegs's ghost (amateur HOFi)
  2383 | D:3      | Slain by kegs's ghost

Skill      XL: |  1  2  3 |
---------------+----------+-----
Fighting       | 1 |  1.3
Dodging        | 2 |  2.2
Stealth        | |  2.4
Spellcasting   | |  2.8
Conjurations   | |  1.0
Ice Magic      | |  3.9

Action                   |  1- 3 |  4- 6 || total
-------------------------+-------+-------++-------
Melee: Spear             |   130 |    77 ||   207
       Bite              |    16 |    20 ||    36
 Cast: Freeze            |    14 |       ||    14
  Use: Scroll            |       |     2 ||     2
 Stab: Sleeping          |    12 |       ||    12
  Eat: Ration            |     1 |     1 ||     2
Armor: Robe              |     8 |       ||     8
       Scale mail        |    41 |    20 ||    61
Dodge: Dodged            |    49 |     8 ||    57
Block: Large shield      |    41 |    22 ||    63
